Map: [ESL] Site Delta

Players

FoxeR

  • Race: Terran Terran
  • Spawn Location: 11:00

Dolan - Winner!

  • Race: Terran Terran
  • Spawn Location: 5:00

Event: ESL SC2 Masters 2023 Winter (Regional)

VOD

Have the link to the VOD?

Description

Time

  • Played on: Nov. 2, 2023, 2:09 p.m.
  • Length: 8:16

All games in this series

Show
View Real Time Build Order
Export as new Build Order

FoxeR Terran 

Build Orders: Cyclone Opening, Reaper Expand 

Get SALT Encoding   

  12  0:00  SCV  
  13  0:12  SCV  
  14  0:17  Supply Depot  
  14  0:24  SCV  
  15  0:38  SCV  
  15  0:40  Barracks  
  16  0:43  Refinery  
  16  0:50  SCV  
  17  1:02  SCV  
  18  1:14  SCV  
  19  1:27  Orbital Command, Reaper  
  20  1:40  Command Center  
  20  1:53  Supply Depot, SCV  
  21  1:59  Marine  
  22  2:05  SCV  
  23  2:10  Factory  
  23  2:17  SCV  
  24  2:28  Barracks Reactor  
  24  2:29  SCV  
  24  2:32  Refinery  
  24  2:41  SCV  
  24  2:52  Orbital Command  
  24  2:53  SCV  
  24  2:55  Cyclone  
  27  3:04  Marine x2  
  30  3:05  SCV  
  30  3:06  Starport  
  30  3:11  Refinery  
  30  3:17  SCV  
  30  3:18  SCV  
  32  3:22  Marine x2  
  32  3:25  Supply Depot  
  34  3:29  SCV  
  34  3:30  Factory Tech Lab  
  34  3:32  SCV  
  36  3:40  Marine  
  37  3:42  SCV  
  37  3:44  Starport Tech Lab  
  37  3:45  SCV  
  39  3:50  Siege Tank, Marine  
  39  3:54  SCV  
  44  4:01  SCV  
  45  4:05  Raven  
  45  4:06  Interference Matrix  
  45  4:07  SCV  
  48  4:10  Command Center  
  48  4:15  Marine x2  
  50  4:17  SCV  
  50  4:19  Supply Depot  
  50  4:20  SCV  
  52  4:24  Refinery  
  52  4:30  SCV  
  53  4:32  SCV  
  54  4:39  Supply Depot  
  54  4:40  Siege Tank, Marine  
  54  4:43  Raven, SCV  
  54  4:44  SCV  
  62  4:50  Supply Depot  
  62  5:00  Marine  
  62  5:01  Reaper, SCV x2  
  62  5:04  Supply Depot  
  66  5:12  Barracks x2  
  66  5:13  SCV x2  
  68  5:17  Siege Tank  
  68  5:20  Raven  
  73  5:25  SCV  
  73  5:27  Orbital Command  
  74  5:35  Marine, SCV  
  75  5:36  Marine  
  75  5:39  SCV  
  78  5:45  Engineering Bay  
  78  5:46  Engineering Bay  
  78  5:47  SCV  
  79  5:51  Siege Tank, SCV  
  79  5:54  Orbital Command  
  83  5:59  SCV  
  83  6:03  SCV  
  85  6:05  Barracks Reactor x2  
  85  6:11  SCV  
  85  6:13  Terran Infantry Weapons Level 1, Terran Infantry Armor Level 1  
  85  6:14  Supply Depot  
  85  6:15  SCV  
  85  6:17  Viking x2  
  89  6:21  SCV  
  89  6:23  SCV  
  89  6:25  Siege Tank  
  94  6:27  SCV  
  95  6:34  SCV  
  95  6:35  SCV  
  95  6:38  Supply Depot  
  98  6:40  SCV  
  98  6:46  SCV  
  98  6:47  Viking  
  100  6:48  Viking, SCV  
  100  6:52  SCV  
  104  6:55  Marine x5  
  104  6:59  Siege Tank, SCV  
  104  7:00  SCV  
  114  7:04  Supply Depot  
  113  7:13  Marine x4  
  113  7:14  Orbital Command, Marine  
  99  7:16  Viking, SCV  
  99  7:17  SCV  
  86  7:24  Viking  
  88  7:30  Barracks, Marine  
  88  7:31  Barracks, Marine x4  
  88  7:32  Siege Tank  
  82  7:44  SCV x2  
  82  7:48  Marine x3  
  82  7:49  Marine  
  77  7:51  Marine  
Show
View Real Time Build Order
Export as new Build Order

Dolan Terran - Winner!

Build Orders: Cyclone Opening, Reaper Expand 

Get SALT Encoding   

  12  0:00  SCV  
  13  0:12  SCV  
  14  0:16  Supply Depot  
  14  0:24  SCV  
  15  0:38  SCV  
  15  0:40  Barracks  
  15  0:42  Refinery  
  16  0:50  SCV  
  17  1:02  SCV  
  18  1:14  SCV  
  19  1:26  Reaper  
  19  1:27  Orbital Command  
  20  1:38  Command Center  
  20  1:46  Supply Depot  
  20  1:52  SCV  
  21  1:58  Marine  
  22  2:05  Factory  
  22  2:06  SCV  
  23  2:12  Bunker  
  23  2:16  Marine  
  23  2:18  SCV  
  25  2:31  Refinery  
  25  2:34  Marine  
  26  2:43  SCV  
  27  2:51  Orbital Command  
  27  2:54  Barracks Reactor, Cyclone  
  27  2:57  SCV  
  30  3:04  Refinery  
  30  3:07  Starport  
  30  3:09  SCV  
  31  3:18  SCV  
  32  3:22  SCV  
  33  3:28  Factory Tech Lab  
  33  3:30  SCV  
  33  3:32  Marine x2  
  33  3:34  SCV  
  37  3:40  Supply Depot  
  37  3:42  SCV  
  37  3:44  Starport Tech Lab  
  37  3:46  SCV  
  37  3:47  Siege Tank  
  42  3:49  Marine  
  42  3:50  Marine  
  42  3:55  SCV  
  45  3:58  SCV  
  46  4:03  Raven, Supply Depot  
  46  4:07  Interference Matrix, SCV  
  46  4:08  Marine x2  
  51  4:10  SCV  
  52  4:19  Supply Depot, SCV  
  52  4:22  SCV  
  54  4:24  Siege Tank  
  54  4:27  Marine x2  
  59  4:38  SCV x2  
  61  4:41  Raven, Supply Depot  
  63  4:47  Command Center  
  63  4:52  SCV x2  
  65  4:53  Marine  
  65  4:54  Marine  
  67  5:01  Siege Tank  
  67  5:02  Refinery  
  67  5:04  Supply Depot  
  70  5:09  SCV x2  
  72  5:21  SCV  
  72  5:22  Viking x2, SCV  
  72  5:26  Marine  
  79  5:32  Supply Depot  
  79  5:33  Stimpack  
  82  5:35  Siege Tank  
  79  5:49  SCV x2  
  81  5:56  Viking  
  83  5:57  Viking  
  83  6:01  Barracks, SCV x2  
  83  6:02  Barracks  
  87  6:05  Engineering Bay  
  87  6:06  Engineering Bay  
  87  6:12  Marine  
  87  6:13  Siege Tank  
  91  6:20  SCV x2  
  93  6:27  Viking x2  
  97  6:33  Orbital Command  
  97  6:34  SCV x2  
  99  6:49  SCV x2  
  99  6:50  Siege Tank  
  104  6:56  Viking  
  104  6:57  Viking  
  104  7:01  SCV  
  109  7:09  SCV  
  109  7:13  SCV x2  
  101  7:21  SCV  
  98  7:25  SCV  
  98  7:26  SCV  
  98  7:27  Viking, Siege Tank  
  98  7:28  Viking  
  107  7:33  SCV  
  108  7:38  SCV  
  108  7:42  SCV  
  105  7:52  SCV x2  
  105  7:54  SCV  
  106  8:05  Command Center, Refinery x2  
Tags
 
Add a new tag
Caveats
  • Supply blocks, unpowered buildings, or Contaminate may cause inaccurate times.
  • Supply counts are checked every 10 seconds.